 Dungeon Crawl Stone Soup version 0.21.1-1-g345015f (webtiles) character file.

38494 Falco the Unseen (level 13, -7/101 HPs)
             Began as a Vampire Assassin on Apr 24, 2018.
             Was a High Priest of Dithmenos.
             Mangled by a yaktaur captain (22 damage)
             ... on level 15 of the Dungeon on Apr 25, 2018.
             The game lasted 04:33:32 (16730 turns).

Falco the Unseen (Vampire Assassin)                Turns: 16730, Time: 04:33:32

Health: -7/101     AC:  9    Str: 13    XL:     13   Next: 64%
Magic:  13/13      EV: 19    Int: 14    God:    Dithmenos [*****.]
Gold:   960        SH:  0    Dex: 17    Spells: 10/12 levels left

rFire    . . .     SeeInvis +   a - +6 falchion of Beogh's Hatred {venom, +Inv}
rCold    + . .     Gourm    .   (no shield)
rNeg     + + +     Faith    .   Y - +2 robe of Mogg {rN+ MR+}
rPois    +         Spirit   .   O - +2 helmet
rElec    +         Reflect  .   S - +1 cloak of the Shining Light {rElec MR+ Regen+}
rCorr    .         Harm     .   l - +2 pair of gloves
MR       ++++.                  (no boots)
Stlth    ++++++++++             V - amulet of regeneration
HPRegen  0.53/turn              g - ring of protection from magic
MPRegen  0.13/turn              p - ring of positive energy

@: corroded, regenerating slowly, wreathed by umbra
A: fangs 3, see invisible, unbreathing
a: Bat Form, Shadow Step, Shadow Form, Renounce Religion, Evoke Invisibility


You were on level 15 of the Dungeon.
You worshipped Dithmenos.
Dithmenos was extremely pleased with you.
You were thirsty.

You visited 1 branch of the dungeon, and saw 15 of its levels.
You visited the Abyss 1 time.

You collected 960 gold pieces.

Inventory:

Hand Weapons
 a - the +6 falchion of Beogh's Hatred (weapon) {venom, +Inv}
   (You found it on level 12 of the Dungeon)

   It poisons the flesh of those it strikes.
   It lets you turn invisible.
 b - a +0 blowgun
 y - a cursed +0 scimitar
 U - a +0 hand axe of freezing
Missiles
 e - 58 poisoned needles
 f - 24 curare-tipped needles
 F - a throwing net
 I - 5 needles of paralysis
 Z - 5 tomahawks (quivered)
Armour
 l - a +2 pair of gloves (worn)
 G - +0 steam dragon scales
 J - the +4 ring mail of Lucidity {SInv}
   (You found it on level 10 of the Dungeon)

   It lets you see invisible.
 O - a +2 helmet (worn)
 S - the +1 cloak of the Shining Light (worn) {rElec MR+ Regen+}
   (You found it on level 4 of the Dungeon)

   It insulates you from electricity.
   It affects your resistance to hostile enchantments.
   It increases your rate of regeneration.
 Y - the +2 robe of Mogg (worn) {rN+ MR+}
   (You found it on level 14 of the Dungeon)

   It protects you from negative energy.
   It affects your resistance to hostile enchantments.
Jewellery
 g - a ring of protection from magic (left hand)
 p - a ring of positive energy (right hand)
 r - a +2 amulet of reflection
 Q - an uncursed ring of wizardry
 T - an uncursed ring of protection from cold
 V - an amulet of regeneration (around neck)
 X - an uncursed amulet of magic regeneration
Wands
 d - a wand of acid (4)
 C - a wand of paralysis (12)
 N - a wand of disintegration (12)
Scrolls
 c - a scroll of fear
 j - 11 scrolls of remove curse
 n - a scroll of teleportation
 E - a scroll of holy word {unknown}
 L - 4 scrolls of magic mapping
Potions
 h - a potion of heal wounds {unknown}
 i - 2 potions of mutation
 m - 2 potions of agility
 o - a potion of experience {unknown}
 q - a potion of blood
 u - a potion of curing
 v - 3 potions of lignification
 w - 2 potions of cancellation
 x - a potion of ambrosia {unknown}
 z - a potion of berserk rage {unknown}
 B - 3 potions of resistance
 H - 2 potions of magic
 K - a potion of invisibility {unknown}
 P - 3 potions of brilliance
 R - 2 potions of flight
 W - 2 potions of haste {unknown}
Books
 k - a book of Minor Magic

   Spells                             Type                      Level
   a - Magic Dart                     Conjuration                  1
   b - Blink                          Translocation                2
   c - Call Imp                       Summoning                    2
   d - Slow                           Hexes                        2
   e - Conjure Flame                  Conjuration/Fire             3
   f - Mephitic Cloud                 Conjuration/Poison/Air       3
 s - a book of Debilitation

   Spells                             Type                      Level
   a - Corona                         Hexes                        1
   b - Slow                           Hexes                        2
   c - Inner Flame                    Hexes/Fire                   3
   d - Portal Projectile              Hexes/Translocation          3
   e - Cause Fear                     Hexes                        4
   f - Leda's Liquefaction            Hexes/Earth                  4
 t - a book of Cantrips

   Spells                             Type                      Level
   a - Confusing Touch                Hexes                        1
   b - Animate Skeleton               Necromancy                   1
   c - Summon Small Mammal            Summoning                    1
   d - Apportation                    Translocation                1
 A - the Tome of Battle Magic
   (You found it on level 2 of the Abyss)

   Spells                             Type                      Level
   a - Searing Ray                    Conjuration                  2
   b - Throw Icicle                   Conjuration/Ice              4
   c - Sticky Flame                   Conjuration/Fire             4
   d - Iskenderun's Battlesphere      Conjuration/Charms           5
Miscellaneous
 D - a phantom mirror


   Skills:
 + Level 9.2 Fighting
   Level 10.4(12.7) Short Blades
 + Level 11.2(12.5) Long Blades
 + Level 4.6 Throwing
 + Level 7.2 Armour
 + Level 9.2 Dodging
 + Level 15.5 Stealth
 + Level 0.2 Translocations
 + Level 0.1 Evocations


You had 10 spell levels left.
You knew the following spells:

 Your Spells              Type           Power        Failure   Level  Hunger
a - Blink                 Tloc           N/A          38%         2    ###....


Dungeon Overview and Level Annotations

Branches:
Dungeon (15/15)            Temple (0/1) D:7            Lair (0/6) D:11
    Orc (0/2) D:10         Vaults (0/5) D:14         Depths (0/5) D:15

Altars:
Dithmenos
Elyvilon
Fedhas
Gozag
Hepliaklqana
Makhleb
Nemelex Xobeh
Okawaru
Sif Muna
Trog
Vehumet
Yredelemnul
Zin
The Shining One

Shops:
D:4 (

Annotations:
D:9 Renzlar's ghost, novice GnSk
D:15 Sonja


Innate Abilities, Weirdness & Mutations

You heal slowly.
You have razor-sharp teeth.
You have supernaturally acute eyesight. (SInv)
You can survive without breathing.


Message History

The yaktaur captain hits you!
You open the door.
A yaktaur comes into view.
The yaktaur shouts!
The yaktaur captain hits you!
The yaktaur wields an arbalest.
The yaktaur shoots a bolt.
The bolt misses you.
The bolt hits the yaktaur captain!!
The brown ugly thing barely misses you. The yaktaur captain misses you.
You riposte.
You hit the yaktaur captain.
The yaktaur captain looks as sick as possible!
The yaktaur captain is severely wounded.
The brown ugly thing pecks you. The acid corrodes you!
You are splashed with acid!
The acid burns!
The yaktaur shoots a bolt.
The bolt closely misses you. The brown ugly thing pecks you!
* * * LOW HITPOINT WARNING * * *
You are splashed with acid!
The acid burns!
* * * LOW HITPOINT WARNING * * *
There is an open door here.
You feel better. The yaktaur captain hits you!!
You die...

.###......##..........(#..o[#
..........#..#######§.(...#**
...........(..(....)(####.#***
........((...#########***,..,*
..W.%.u.(..##########,,,,,,..#
......u(.u.##c+...'c#,***,,,.#
##.....(...##.#.>.#,#,* *****#
##..(...u###.#(cu#.#,*
#...(.....##.##@##.#**
#.........##.≈...≈.#
#?....Wuuu##.≈...≈.#
#..)....uu##.≈.≈.≈.#
#.........##.#.#.#.#
##.......uu#≈†.#..≈#
##.....##u#≈≈...≈≈#
########u####)#### #uu.u..#


You could see a yaktaur captain and a brown ugly thing.

Vanquished Creatures
  A rakshasa (D:15)
  A centaur warrior (D:14)
  2 death knights (D:12)
  7 two-headed ogres
  A tengu warrior (D:13)
  An unseen horror (shapeshifter) (D:14)
  5 unseen horrors
  A necromancer (D:14)
  A wolf spider zombie (D:13)
  2 orc knights
  3 deep elf magi (D:15)
  10 ugly things
  3 cyclopes
  2 manticores
  2 centaur zombies
  2 gargoyles (D:14)
  A freezing wraith (D:13)
  A troll (shapeshifter) (D:14)
  5 trolls
  The ghost of Draznyth the Poker, an amateur CeFi (D:4)
  A hornet (D:10)
  A merfolk (D:9)
  Prince Ribbit (D:8)
  4 hippogriffs
  A spriggan (shapeshifter) (D:14)
  2 wyverns
  28 yaks
  A vampire (D:12)
  A wraith (D:13)
  A shadow (D:14)
  A steam dragon (D:12)
  Grum (D:8)
  3 hungry ghosts
  2 vampire mosquitoes
  3 wargs (D:11)
  3 water moccasins
  An acid dragon (D:14)
  A soldier ant (D:15)
  10 orc warriors
  3 sky beasts
  3 phantoms
  A small abomination (Abyss:2)
  7 ice beasts
  3 black bears
  4 ogres
  A centaur (D:7)
  4 wolves
  A crocodile (D:11)
  3 big kobolds
  8 bullfrogs
  A wyvern zombie (D:10)
  4 scorpions
  12 killer bees
  4 wights (D:8)
  2 howler monkeys
  10 crimson imps
  A bullfrog zombie (D:10)
  A wyvern simulacrum (D:12)
  6 jellies
  3 quasits
  3 hounds
  Crazy Yiuf (D:3)
  8 orc priests
  A bullfrog skeleton (D:13)
  9 centaur skeletons
  2 iguanas
  10 orc wizards
  6 worker ants
  2 hound skeletons
  A hound zombie (D:5)
  10 adders
  2 shadow imps
  A worm (D:4)
  2 dart slugs
  4 leopard geckos
  41 orcs
  8 bats
  7 giant cockroaches
  4 goblins
  2 hobgoblins
  2 jackals (D:10)
  2 quokkas
  A ball python (D:2)
  5 frilled lizards
  17 kobolds
  10 rats
361 creatures vanquished.

Vanquished Creatures (others)
  A plant (D:6)
  8 starspawn tentacles (Abyss:2)
9 creatures vanquished.

Grand Total: 370 creatures vanquished

Notes
Turn   | Place    | Note
-------+----------+-------------------------------------------
     0 | D:1      | Falco the Vampire Assassin began the quest for the Orb.
     0 | D:1      | Reached XP level 1. HP: 16/16 MP: 1/1
    76 | D:1      | Reached skill level 6 in Stealth
   219 | D:1      | Reached XP level 2. HP: 13/22 MP: 2/2
  1011 | D:2      | Reached XP level 3. HP: 18/27 MP: 3/3
  1125 | D:2      | Found a shadowy altar of Dithmenos.
  1134 | D:2      | Became a worshipper of Dithmenos the Shadowed
  1164 | D:2      | Reached skill level 7 in Stealth
  1740 | D:3      | Reached XP level 4. HP: 25/33 MP: 4/4
  1857 | D:3      | Found a sparkling altar of Nemelex Xobeh.
  1875 | D:3      | Noticed a hungry ghost
  1883 | D:3      | Killed a hungry ghost
  1883 | D:3      | Reached XP level 5. HP: 37/39 MP: 5/5
  1986 | D:3      | Reached skill level 8 in Stealth
  2073 | D:3      | Found a runed door.
  2077 | D:3      | Noticed Crazy Yiuf
  2081 | D:3      | Killed Crazy Yiuf
  2081 | D:3      | Reached * piety under Dithmenos
  2215 | D:4      | Found a deep blue altar of Sif Muna.
  2239 | D:4      | Found a white marble altar of Elyvilon.
  2272 | D:4      | Reached XP level 6. HP: 24/46 MP: 6/6
  2433 | D:4      | Got a twisted cloak
  2477 | D:4      | Identified the +1 cloak of the Shining Light {rElec MR+ Regen+} (You found it on level 4 of the Dungeon)
  2600 | D:4      | Noticed Draznyth's ghost (amateur CeFi)
  2699 | D:4      | Killed Draznyth's ghost
  2699 | D:4      | Reached skill level 5 in Short Blades
  2699 | D:4      | Reached skill level 9 in Stealth
  2699 | D:4      | Reached XP level 7. HP: 28/51 MP: 7/7
  2833 | D:4      | Found Sacetta's Weapon Shoppe.
  2879 | D:4      | Reached skill level 1 in Armour
  3102 | D:4      | Found a bloodstained altar of Trog.
  3105 | D:4      | Reached skill level 10 in Stealth
  3251 | D:5      | Entered Level 5 of the Dungeon
  3318 | D:5      | Reached ** piety under Dithmenos
  3628 | D:5      | Reached XP level 8. HP: 58/58 MP: 8/8
  4423 | D:6      | Reached skill level 11 in Stealth
  4662 | D:6      | Found a blossoming altar of Fedhas.
  4921 | D:7      | Noticed a hippogriff
  4925 | D:7      | Killed a hippogriff
  5054 | D:7      | Reached XP level 9. HP: 65/65 MP: 9/9
  5255 | D:7      | Found a staircase to the Ecumenical Temple.
  5569 | D:8      | Found a radiant altar of Vehumet.
  5630 | D:8      | Noticed Grum
  6059 | D:8      | Noticed a two-headed ogre
  6087 | D:8      | Killed a two-headed ogre
  6087 | D:8      | Reached skill level 5 in Fighting
  6331 | D:8      | Noticed Prince Ribbit
  6357 | D:8      | Reached *** piety under Dithmenos
  6655 | D:8      | Found a basalt altar of Yredelemnul.
  6685 | D:8      | Killed Prince Ribbit
  7134 | D:8      | Killed Grum
  7134 | D:8      | Reached XP level 10. HP: 66/74 MP: 10/10
  7208 | D:9      | Reached skill level 5 in Armour
  7213 | D:9      | Found an opulent altar of Gozag.
  7218 | D:9      | Noticed Renzlar's ghost (novice GnSk)
  7220 | D:9      | You fall through a shaft for 3 floors!
  7251 | D:12     | Noticed a two-headed ogre
  7251 | D:12     | Noticed a green ugly thing
  7490 | D:12     | Reached skill level 12 in Stealth
  7644 | D:12     | Noticed a cyclops
  7647 | D:12     | Killed a cyclops
  7875 | D:12     | Reached skill level 10 in Short Blades
  8444 | D:12     | Reached skill level 5 in Dodging
  8518 | D:12     | Killed a green ugly thing
  8613 | D:12     | Noticed a death knight
  8625 | D:12     | Got a faintly glowing falchion
  8636 | D:12     | Identified the +6 falchion of Beogh's Hatred {venom, +Inv} (You found it on level 12 of the Dungeon)
  8756 | D:12     | Killed a death knight
  8756 | D:12     | Reached XP level 11. HP: 23/83 MP: 11/11
  8760 | D:12     | Learned a level 2 spell: Blink
  8827 | D:12     | Reached skill level 1 in Long Blades
  8980 | D:12     | Reached **** piety under Dithmenos
  9278 | D:12     | Killed a two-headed ogre
  9673 | D:11     | Reached skill level 5 in Long Blades
  9886 | D:11     | Reached skill level 13 in Stealth
 10012 | D:11     | Found a staircase to the Lair.
 10440 | D:10     | Entered Level 10 of the Dungeon
 10470 | D:10     | Reached ***** piety under Dithmenos
 10708 | D:10     | Got a tiger eye-encrusted ring mail
 10719 | D:10     | Identified the +4 ring mail of Lucidity {SInv} (You found it on level 10 of the Dungeon)
 10768 | D:10     | Noticed an orc knight
 10781 | D:10     | Reached XP level 12. HP: 92/92 MP: 12/12
 10884 | D:10     | Found a staircase to the Orcish Mines.
 11604 | D:9      | Found a deep blue altar of Sif Muna.
 11796 | D:9      | Found a glowing golden altar of the Shining One.
 11796 | D:9      | Noticed a two-headed ogre
 11797 | D:9      | Found a burning altar of Makhleb.
 11798 | D:9      | Found a glowing silver altar of Zin.
 11799 | D:9      | Found a hazy altar of Hepliaklqana.
 11799 | D:9      | Found an iron altar of Okawaru.
 11809 | D:9      | Killed a two-headed ogre
 11809 | D:9      | Reached skill level 14 in Stealth
 12416 | D:13     | Noticed a death knight
 12488 | D:12     | Killed a death knight
 13245 | D:13     | Noticed a tengu warrior
 13300 | D:13     | Killed a tengu warrior
 13492 | D:13     | Noticed a two-headed ogre
 13498 | D:13     | Killed a two-headed ogre
 13616 | D:14     | Got a sheer robe
 13627 | D:14     | Identified the +2 robe of Mogg {rN+ MR+} (You found it on level 14 of the Dungeon)
 13667 | D:14     | Noticed a centaur warrior
 13683 | D:14     | Killed a centaur warrior
 13849 | D:14     | Noticed a two-headed ogre
 13865 | D:14     | Killed a two-headed ogre
 14097 | D:14     | Reached skill level 10 in Long Blades
 14097 | D:14     | Reached XP level 13. HP: 56/99 MP: 13/13
 14257 | D:14     | Found a gate to the Vaults.
 14529 | D:14     | Reached skill level 15 in Stealth
 15087 | D:15     | Entered Level 15 of the Dungeon
 15121 | D:15     | Found an iron altar of Okawaru.
 15198 | D:15     | Noticed Sonja
 15275 | D:15     | Cast into level 2 of the Abyss (Sonja)
 15390 | Abyss:2  | Found a corrupted altar of Lugonu.
 15507 | Abyss:2  | Noticed a tentacled starspawn
 15536 | Abyss:2  | Noticed an ancient lich
 15618 | Abyss:2  | Noticed a tentacled starspawn
 15663 | Abyss:2  | Noticed a lich
 15770 | Abyss:2  | Noticed a starcursed mass
 15789 | Abyss:2  | Noticed a starcursed mass
 15826 | Abyss:2  | Noticed a green draconian
 15933 | Abyss:2  | Noticed a daeva
 15956 | Abyss:2  | Noticed a starcursed mass
 16036 | Abyss:2  | Identified the Tome of Battle Magic
 16115 | Abyss:2  | Noticed a balrug
 16225 | Abyss:2  | Noticed a lich
 16236 | D:15     | Escaped the Abyss
 16718 | D:15     | Found a staircase to the Depths.
 16730 | D:15     | Mangled by a yaktaur captain

Skill      XL: |  1  2  3  4  5  6  7  8  9 10 11 12 13 |
---------------+----------------------------------------+-----
Stealth        | 6 7 8 9 10 11 12 13 14 15 | 15.5
Fighting       | 2 3 5 6 7 8 9 |  9.2
Short Blades   | 3 4 5 6 7 9 10 | 10.4
Dodging        | 2 3 4 5 7 8 9 |  9.2
Armour         | 1 3 4 6 7 |  7.2
Throwing       | 2 3 4 |  4.6
Long Blades    | 7 10 11 | 11.2
Translocations | |  0.2
Evocations     | |  0.1

Action                   |  1- 3 |  4- 6 |  7- 9 | 10-12 | 13-15 || total
-------------------------+-------+-------+-------+-------+-------++-------
Melee: Dagger            |    95 |   129 |   669 |   442 |       ||  1335
       Bite              |     8 |    14 |    80 |   213 |    40 ||   355
       Falchion          |       |       |       |   853 |   305 ||  1158
 Fire: Blowgun           |     1 |       |    11 |    40 |    31 ||    83
Throw: Tomahawk          |       |       |     4 |     3 |     3 ||    10
       Throwing net      |       |       |       |       |     1 ||     1
 Cast: Blink             |       |       |       |       |     1 ||     1
 Abil: End Transformatio |       |       |     6 |     5 |     4 ||    15
       Bat Form          |       |       |     6 |     5 |     4 ||    15
Evoke: Wand              |       |       |       |       |     2 ||     2
  Use: Potion            |     2 |     3 |    14 |    24 |     9 ||    52
       Scroll            |       |     5 |    11 |    22 |    12 ||    50
 Stab: Sleeping          |    10 |     7 |    16 |    39 |     8 ||    80
       Distracted        |       |       |       |     5 |       ||     5
       Fleeing           |       |       |       |       |     1 ||     1
Armor: Robe              |    28 |     7 |       |    20 |    66 ||   121
       Scale mail        |       |    11 |    54 |   103 |       ||   168
       Plate armour      |       |       |   152 |       |       ||   152
       Steam dragon scal |       |       |       |    88 |       ||    88
       Ring mail         |       |       |       |   110 |       ||   110
Dodge: Dodged            |    67 |    35 |   134 |   679 |   272 ||  1187
       Rpst.: Falchion   |       |       |       |   129 |    66 ||   195
